 Dungeon Crawl Stone Soup version 0.19.1-1-g22dce08 (webtiles) character file.

97 dngmouse the Chopper (level 4, -2/41 HPs)
             Began as a Minotaur Berserker on Jan 17, 2017.
             Was a Follower of Trog.
             Killed by nerve-wracking pain
             ... invoked by Grinder
              (7 damage)
             ... on level 3 of the Dungeon.
             The game lasted 00:03:39 (1222 turns).

dngmouse the Chopper (Minotaur Berserker)           Turns: 1222, Time: 00:03:40

Health: -2/41      AC:  7    Str: 22    XL:     4   Next: 42%
Magic:  2/3        EV: 10    Int:  4    God:    Trog [*.....]
Gold:   57         SH:  0    Dex: 10    Spells: 0 memorised, 3 levels left

rFire  . . .     SeeInvis .     a - +0 hand axe
rCold  . . .     Gourm    .     l - +0 scale mail
rNeg   . . .     Faith    .     (no shield)
rPois  .         Spirit   .     (helmet restricted)
rElec  .         Reflect  .     h - +0 cloak
rCorr  .         Harm     .     (no gloves)
MR     .....                    (no boots)
Stlth  ..........               (no amulet)
                                (no ring)
                                (no ring)

@: exhausted, slowed, very slow
A: retaliatory headbutt, horns 2
a: Berserk, Burn Spellbooks, Renounce Religion


You were on level 3 of the Dungeon.
You worshipped Trog.
Trog was aware of your devotion.
You were not hungry.

You visited 1 branch of the dungeon, and saw 3 of its levels.

You collected 57 gold pieces.

Inventory:

Hand Weapons
 a - a +0 hand axe (weapon)
 n - a +0 war axe
Armour
 h - a +0 cloak (worn)
 l - a +0 scale mail (worn)
Scrolls
 b - a scroll of immolation {unknown}
 d - 2 scrolls of enchant armour {unknown}
 e - a scroll of magic mapping {unknown}
 f - 2 scrolls of recharging {unknown}
 j - 2 scrolls of remove curse {unknown}
Potions
 k - a potion of mutation
Comestibles
 c - a bread ration
 g - a slice of pizza
 m - a chunk of flesh


   Skills:
 + Level 4.4 Fighting
 * Level 5.8 Axes
 - Level 2.4 Armour
 - Level 2.1 Dodging


You had 3 spell levels left.
You didn't know any spells.

Dungeon Overview and Level Annotations

Branches:
Dungeon (2/15)

Altars:
Gozag
Vehumet

Annotations:
D:3 Grinder


Innate Abilities, Weirdness & Mutations

You reflexively headbutt those who attack you in melee.
You have a pair of horns on your head.


Message History

Eat one of 2 chunks of flesh? (ye/n/q)
You start eating one of the 2 chunks of flesh.
Grinder hits you.
* * * LOW HITPOINT WARNING * * *
You writhe in agony.
* * * LOW HITPOINT WARNING * * *
Grinder says, "Wait up."
Grinder closely misses you.
This raw flesh tastes terrible.
It was a potion of mutation.
You feel extremely strange.
You feel clumsy.
You feel less energetic.
You feel your magical essence link to your wands.
Grinder barely misses you.
Okay, then.
It was a potion of cure mutation.
It has a very clean taste.
You feel agile.
You feel more energetic.
Your magical essence is no longer linked to your wands.
Grinder gestures at you. Pain shoots through your body!
You die...

.. .. ##.# #.##
.#
##...##..##.#
##.....#...#.##
#.............#
...[.?........#
#...#5......#
#....@.....%#
#####.....#.#
#.....#
........###
#........
#.######## .. #


You could see Grinder.

Vanquished Creatures
  A hound (D:2)
  Terence (D:2)
  Robin (D:2)
  A dart slug (D:1)
  A leopard gecko (D:1)
  14 goblins
  3 hobgoblins
  A bat (D:1)
  4 frilled lizards
  A kobold (D:1)
  2 rats
30 creatures vanquished.

Vanquished Creatures (others)
  A hobgoblin (D:2)
1 creature vanquished.

Grand Total: 31 creatures vanquished

Notes
Turn   | Place    | Note
-------+----------+-------------------------------------------
     0 | D:1      | dngmouse the Minotaur Berserker began the quest for the Orb.
     0 | D:1      | Reached XP level 1. HP: 19/19 MP: 0/0
   307 | D:1      | Reached skill level 4 in Axes
   401 | D:1      | Reached XP level 2. HP: 27/27 MP: 1/1
   992 | D:2      | Noticed Terence
  1002 | D:2      | Killed Terence
  1002 | D:2      | Reached skill level 5 in Axes
  1002 | D:2      | Reached XP level 3. HP: 26/33 MP: 2/2
  1080 | D:2      | Found an opulent altar of Gozag.
  1106 | D:2      | Noticed Robin
  1122 | D:2      | Reached XP level 4. HP: 28/41 MP: 3/3
  1126 | D:2      | Killed Robin
  1172 | D:2      | Found a radiant altar of Vehumet.
  1202 | D:2      | You fall through a shaft!
  1204 | D:3      | Noticed Grinder
  1217 | D:3      | Paralysed by Grinder for 3 turns
  1221 | D:3      | Gained mutation: You are clumsy. (Dex -2) [potion of mutation]
  1221 | D:3      | Gained mutation: Your magical capacity is low. (-10% MP) [potion of mutation]
  1221 | D:3      | Gained mutation: You expend magic power (3 MP) to strengthen your wands. [potion of mutation]
  1222 | D:3      | Lost mutation: You are clumsy. (Dex -2) [potion of cure mutation]
  1222 | D:3      | Lost mutation: Your magical capacity is low. (-10% MP) [potion of cure mutation]
  1222 | D:3      | Lost mutation: You expend magic power (3 MP) to strengthen your wands. [potion of cure mutation]
  1222 | D:3      | Killed from afar by Grinder

Skill      XL: |  1  2 |
---------------+-------+-----
Axes           | 4 5 |  5.8
Fighting       | 4 |  4.4
Armour         | |  2.4
Dodging        | |  2.1

Action                   |  1- 3 |  4- 6 || total
-------------------------+-------+-------++-------
Melee: Hand axe          |    61 |    12 ||    73
       Headbutt          |    11 |       ||    11
Invok: Berserk           |       |     1 ||     1
  Use: Potion            |       |     2 ||     2
  Eat: Chunk             |       |     2 ||     2
Armor: Leather armour    |     2 |       ||     2
       Animal skin       |     2 |       ||     2
       Scale mail        |     8 |     2 ||    10
Dodge: Dodged            |    41 |     8 ||    49
